Map: [ESL] Inside and Out

Players

Reynor - Winner!

  • Race: Zerg Zerg
  • League: Master
  • Spawn Location: 7:00

gumiho

  • Race: Terran Terran
  • Spawn Location: 1:00

Event: HomeStory Cup XXII

VOD

Have the link to the VOD?

Description

Time

  • Played on: Dec. 17, 2022, 10:36 a.m.
  • Length: 28:20

All games in this series

Show
View Real Time Build Order
Export as new Build Order

Reynor Zerg - Winner!

Build Orders: Hatch First 

Get SALT Encoding   

  12  0:00  Drone  
  13  0:12  Overlord  
  13  0:16  Drone  
  14  0:30  Drone x2  
  16  0:47  Hatchery  
  15  0:50  Drone  
  15  0:54  Drone  
  17  0:57  Drone  
  18  1:09  Extractor  
  17  1:12  Spawning Pool  
  17  1:15  Drone  
  17  1:19  Drone  
  18  1:27  Drone  
  19  1:38  Drone  
  20  1:49  Overlord  
  20  1:59  Queen x2  
  20  2:00  Zergling x4  
  26  2:09  Drone  
  26  2:10  Drone  
  28  2:18  Metabolic Boost  
  28  2:20  Drone  
  28  2:21  Drone  
  30  2:33  Hatchery  
  30  2:34  Drone  
  30  2:36  Drone  
  31  2:42  Drone  
  32  2:44  Overlord  
  31  2:52  Queen  
  31  2:54  Drone x2  
  35  3:03  Drone  
  35  3:04  Queen  
  37  3:11  Zergling x4  
  37  3:12  Zergling x4  
  41  3:14  Zergling x2  
  42  3:22  Overlord  
  42  3:25  Zergling x2  
  41  3:38  Drone  
  41  3:39  Drone x2  
  43  3:41  Overlord  
  43  3:42  Drone  
  43  3:45  Queen  
  43  3:47  Queen  
  48  3:48  Queen, Drone  
  48  3:49  Drone x2  
  48  3:54  Drone  
  54  3:57  Zergling x4  
  56  4:06  Zergling x2  
  56  4:08  Zergling x4  
  59  4:16  Overlord  
  60  4:17  Drone x2  
  60  4:18  Drone x2  
  60  4:19  Drone  
  60  4:20  Drone x2  
  60  4:21  Overlord  
  66  4:30  Spore Crawler, Drone  
  66  4:31  Spore Crawler, Drone  
  65  4:33  Spore Crawler  
  65  4:34  Drone  
  65  4:35  Extractor  
  65  4:36  Queen  
  67  4:40  Zergling x4  
  69  4:46  Drone  
  69  4:49  Drone x2  
  70  4:53  Overlord  
  70  4:56  Lair  
  70  4:57  Drone x3  
  70  5:01  Zergling x2  
  70  5:02  Zergling x6  
  70  5:05  Overlord  
  74  5:12  Drone x3  
  74  5:13  Drone x2  
  79  5:14  Baneling Nest, Drone  
  79  5:22  Overlord  
  79  5:24  Drone x2  
  79  5:28  Drone x3  
  84  5:29  Queen  
  84  5:34  Overlord  
  86  5:36  Drone x2  
  82  5:52  Drone x7  
  82  5:55  Zergling x2  
  82  5:56  Zergling x2  
  85  5:58  Drone  
  85  5:59  Centrifugal Hooks  
  85  6:02  Evolution Chamber  
  85  6:03  Drone, Evolution Chamber  
  85  6:04  Drone x2  
  87  6:06  Zergling x2  
  87  6:07  Overseer  
  87  6:09  Hatchery  
  87  6:11  Extractor  
  87  6:12  Zergling x8  
  87  6:14  Overlord  
  87  6:15  Zergling x6  
  94  6:18  Zergling x2  
  94  6:20  Overseer, Extractor  
  94  6:23  Zergling x2  
  94  6:25  Zergling x2  
  95  6:30  Zergling x2  
  96  6:36  Zergling x4  
  96  6:37  Zerg Ground Armor Level 1, Zerg Melee Weapons Level 1  
  96  6:38  Zergling x6  
  101  6:42  Overlord  
  101  6:48  Zergling x10  
  101  6:52  Overlord x2  
  106  7:04  Baneling x5  
  106  7:05  Baneling x2  
  106  7:07  Zergling x8, Hatchery  
  108  7:08  Zergling x4  
  108  7:09  Zergling x4  
  108  7:10  Zergling x2  
  108  7:14  Baneling x2  
  108  7:15  Baneling x3  
  112  7:17  Zergling x2  
  112  7:20  Zergling x4  
  117  7:24  Zergling x2  
  117  7:25  Zergling x8  
  117  7:26  Queen  
  122  7:31  Drone  
  122  7:32  Drone x2, Hatchery  
  122  7:34  Baneling x7  
  126  7:37  Drone x3  
  127  7:45  Zergling x4  
  127  7:46  Zergling x2  
  127  7:47  Baneling x6  
  127  7:48  Overlord  
  130  7:56  Drone x5  
  133  7:59  Zergling x6  
  133  8:02  Overlord  
  136  8:10  Zergling x16  
  136  8:12  Overlord  
  142  8:14  Zergling x2  
  142  8:16  Zergling x4  
  143  8:20  Zergling x2  
  143  8:21  Zergling x4  
  143  8:22  Overseer  
  143  8:24  Zergling x4  
  143  8:27  Zergling x4  
  150  8:29  Zergling x6  
  150  8:30  Zergling x2  
  150  8:31  Zergling x8  
  150  8:32  Zerg Melee Weapons Level 2, Zerg Ground Armor Level 2  
  150  8:33  Zergling x2  
  150  8:34  Zergling x6  
  161  8:41  Zergling x4  
  161  8:42  Zergling x4  
  161  8:44  Zergling x2  
  161  8:47  Zergling x2  
  161  8:50  Zergling x2  
  161  8:51  Zergling x6  
  161  8:52  Zergling x4  
  163  8:56  Zergling x4  
  163  9:01  Infestation Pit  
  164  9:03  Zergling x16  
  164  9:05  Overlord  
  166  9:12  Zergling x2  
  166  9:13  Zergling x12  
  171  9:18  Zergling x6  
  171  9:21  Baneling x18  
  171  9:25  Zergling x16  
  171  9:28  Overlord  
  171  9:31  Overlord x3  
  179  9:33  Baneling x7  
  179  9:44  Overlord x2  
  179  9:45  Baneling x6  
  179  9:50  Zergling x20  
  179  9:51  Zergling x4  
  176  9:53  Zergling x2  
  176  9:56  Zergling x8  
  160  10:00  Zergling x12  
  160  10:03  Zergling x20  
  160  10:05  Zergling x2  
  166  10:08  Hive  
  166  10:11  Baneling x5  
  166  10:12  Drone x5  
  171  10:14  Extractor  
  171  10:19  Zergling x2  
  149  10:23  Zergling x14  
  149  10:25  Zergling x2  
  149  10:26  Baneling  
  149  10:27  Baneling x6  
  157  10:30  Drone x3  
  157  10:31  Drone x3  
  157  10:33  Drone x2  
  165  10:41  Zergling x12  
  165  10:42  Zergling x2  
  170  10:44  Extractor  
  170  10:47  Zergling x4  
  170  10:48  Zergling x8, Hatchery  
  159  10:57  Zergling x2  
  159  10:58  Zergling x12  
  159  11:01  Baneling x10  
  159  11:02  Drone x2  
  161  11:14  Zergling x12  
  161  11:15  Zergling x6  
  161  11:16  Drone  
  161  11:17  Drone x8  
  176  11:26  Zergling x12  
  176  11:30  Zergling x18  
  190  11:34  Zerg Ground Armor Level 3, Zerg Melee Weapons Level 3  
  190  11:46  Drone x3  
  191  11:47  Viper  
  191  11:48  Extractor  
  191  11:54  Zergling x14  
  199  11:59  Viper  
  196  12:10  Zergling x18  
  196  12:13  Adrenal Glands  
  199  12:40  Pneumatized Carapace  
  199  12:41  Overseer x2, Nydus Network  
  199  12:43  Nydus Network  
  196  12:49  Drone x3  
  199  12:58  Spore Crawler x3, Drone x2  
  198  12:59  Drone  
  199  13:11  Hatchery  
  199  13:12  Zergling x20  
  199  13:17  Baneling x11  
  199  13:30  Nydus Canal  
  199  13:31  Nydus Canal  
  199  13:47  Zergling x12  
  190  13:58  Zergling x18  
  199  14:05  Baneling x16, Overseer  
  199  14:09  Ultralisk Cavern  
  198  14:22  Zergling x4  
  200  14:29  Spire x2  
  200  14:30  Extractor  
  200  14:31  Extractor  
  195  14:32  Drone x4  
  195  14:35  Extractor  
  198  14:41  Baneling x11  
  196  14:54  Zergling x8  
  196  14:56  Overseer  
  192  15:11  Chitinous Plating  
  192  15:14  Zergling x16  
  194  15:22  Zergling x18  
  194  15:23  Zergling x2  
  194  15:26  Nydus Canal  
  194  15:27  Nydus Canal  
  194  15:29  Zergling x10  
  199  15:46  Zergling x24  
  190  15:57  Burrow  
  188  16:04  Zerg Flyer Weapons Level 1, Zerg Flyer Armor Level 1  
  188  16:05  Zergling x30  
  193  16:27  Zergling x12  
  199  16:34  Extractor  
  199  16:35  Extractor  
  193  16:47  Hatchery  
  192  17:08  Hatchery  
  191  17:16  Hatchery  
  187  17:31  Pathogen Glands  
  181  18:02  Viper  
  181  18:05  Zerg Flyer Weapons Level 2, Greater Spire  
  183  18:10  Infestor x2  
  178  18:27  Neural Parasite  
  178  18:30  Corruptor x11  
  180  19:06  Spore Crawler  
  175  19:19  Spore Crawler x2  
  175  19:20  Spore Crawler  
  175  19:21  Brood Lord  
  175  19:22  Spore Crawler x2, Brood Lord x10  
  175  19:23  Spore Crawler, Zerg Flyer Armor Level 2  
  191  19:29  Corruptor  
  191  19:30  Corruptor x3  
  195  19:47  Spore Crawler x3  
  191  19:55  Overseer  
  191  19:56  Overseer x4  
  186  20:13  Brood Lord x4  
  190  20:17  Zergling x12  
  190  20:19  Overlord x2  
  193  20:22  Baneling x14  
  181  20:33  Corruptor x3  
  181  20:34  Zergling x2  
  176  20:46  Corruptor x3  
  176  20:47  Corruptor  
  180  21:10  Brood Lord x3  
  180  21:16  Zergling x28  
  193  21:18  Corruptor x3  
  193  21:19  Infestor x2  
  193  21:32  Brood Lord  
  195  21:35  Spore Crawler, Baneling x12, Hatchery  
  195  21:36  Spore Crawler  
  181  21:41  Zergling x32  
  181  21:46  Corruptor x5  
  198  21:51  Baneling x9  
  184  21:57  Overlord  
  184  22:01  Zergling x36  
  180  22:03  Zergling x8  
  180  22:04  Zergling x22  
  180  22:09  Zergling x4  
  161  22:23  Brood Lord  
  161  22:24  Brood Lord x6  
  161  22:25  Corruptor x8, Overseer x5  
  190  22:45  Zergling x8  
  190  22:46  Overlord  
  190  22:50  Spore Crawler, Spine Crawler x2  
  179  22:53  Spore Crawler  
  179  22:55  Hatchery  
  169  22:59  Zergling x12  
  169  23:02  Overlord  
  169  23:05  Overlord  
  175  23:08  Brood Lord x4  
  175  23:11  Overlord  
  175  23:12  Baneling x14  
  183  23:17  Overlord  
  183  23:19  Spore Crawler  
  182  23:20  Spore Crawler x2  
  182  23:21  Spine Crawler x2  
  182  23:22  Brood Lord  
  182  23:23  Brood Lord x3  
  186  23:32  Infestor x2  
  190  23:36  Zergling x18  
  190  23:39  Zerg Missile Weapons Level 1  
  196  23:55  Infestor x2  
  182  24:07  Zergling x34  
  188  24:39  Extractor  
  188  24:40  Extractor  
  188  24:45  Corruptor x3, Spore Crawler, Spine Crawler  
  184  24:47  Spore Crawler  
  184  24:48  Zergling x20, Spine Crawler  
  184  24:51  Zerg Flyer Weapons Level 3  
  184  24:52  Zerg Flyer Armor Level 3  
  198  25:08  Hatchery  
  197  25:15  Overlord  
  165  25:37  Zergling x38, Ultralisk x3  
  196  25:43  Baneling x3  
  196  25:44  Baneling x10  
  193  25:50  Viper  
  193  25:51  Viper  
  198  26:06  Spore Crawler x2  
  198  26:07  Spore Crawler x3, Spine Crawler  
  198  26:09  Spore Crawler  
  190  26:15  Corruptor x3  
  195  26:24  Zergling x4  
  193  26:33  Infestor x3  
  188  27:04  Zergling x24  
  189  27:42  Zergling x12  
  189  27:43  Zergling x10  
  200  27:44  Overseer  
Show
View Real Time Build Order
Export as new Build Order

gumiho Terran 

Build Orders: Hellion Banshee 

Get SALT Encoding   

  12  0:00  SCV  
  13  0:12  SCV  
  14  0:17  Supply Depot  
  14  0:24  SCV  
  15  0:38  SCV  
  15  0:40  Barracks  
  16  0:43  Refinery  
  16  0:50  SCV  
  17  1:03  SCV  
  18  1:15  SCV  
  19  1:26  Barracks Reactor  
  19  1:27  Orbital Command  
  19  1:38  Command Center  
  19  1:48  Supply Depot  
  19  1:52  SCV  
  20  2:02  Marine x2  
  20  2:04  SCV  
  23  2:13  Factory  
  23  2:17  SCV  
  23  2:20  Marine x2  
  23  2:21  Refinery  
  26  2:29  SCV  
  27  2:38  Marine x2  
  27  2:41  SCV  
  30  2:51  Orbital Command  
  30  2:53  SCV  
  30  2:57  Starport  
  31  3:03  Hellion x2  
  31  3:05  SCV  
  36  3:10  Supply Depot  
  36  3:11  Barracks Tech Lab  
  36  3:17  SCV  
  37  3:24  Hellion  
  37  3:27  Hellion  
  41  3:29  SCV  
  41  3:33  SCV  
  37  3:41  SCV  
  37  3:45  SCV  
  37  3:46  Hellion  
  37  3:48  Hellion  
  43  3:53  SCV  
  34  3:55  Supply Depot, Viking  
  44  3:56  Cloaking Field  
  44  3:57  SCV  
  44  3:59  Barracks Tech Lab  
  47  4:06  SCV  
  47  4:08  Hellion  
  47  4:09  Hellion  
  52  4:13  SCV  
  52  4:16  Supply Depot  
  53  4:18  SCV, Marine  
  53  4:19  Stimpack  
  55  4:25  Banshee  
  55  4:28  SCV  
  55  4:30  SCV  
  60  4:40  SCV  
  60  4:42  SCV  
  62  4:52  SCV  
  61  4:56  SCV  
  61  5:04  Command Center, SCV  
  62  5:07  Barracks  
  62  5:08  SCV, Banshee  
  62  5:12  Barracks, Factory Reactor  
  66  5:14  Marine  
  66  5:15  Supply Depot  
  66  5:16  SCV  
  66  5:20  SCV  
  69  5:27  Engineering Bay x2  
  69  5:28  SCV  
  69  5:32  Refinery  
  69  5:34  Refinery  
  70  5:37  SCV  
  70  5:41  SCV  
  72  5:49  SCV  
  71  5:56  SCV  
  70  6:00  Terran Infantry Armor Level 1, Terran Infantry Weapons Level 1  
  70  6:01  SCV  
  71  6:06  Barracks, Combat Shield  
  71  6:07  Barracks  
  71  6:08  SCV  
  71  6:10  Starport Reactor  
  72  6:13  SCV  
  72  6:15  Marine x4  
  77  6:20  SCV  
  77  6:25  Supply Depot, SCV, Armory  
  79  6:26  Supply Depot  
  79  6:32  SCV, Marine  
  81  6:37  SCV  
  81  6:38  Marine x3  
  81  6:39  Marine  
  86  6:44  SCV, Orbital Command  
  84  6:48  Siege Tank  
  84  6:49  SCV  
  84  6:50  Marine  
  84  6:54  Barracks Reactor x2  
  89  6:56  SCV  
  89  6:57  Medivac x2  
  94  7:02  SCV  
  94  7:04  Marine x2  
  94  7:05  Marine x2  
  94  7:08  SCV, Marine  
  100  7:11  SCV  
  100  7:13  Supply Depot  
  102  7:16  Supply Depot  
  102  7:21  Siege Tank, Marine  
  102  7:22  Marine  
  107  7:23  Marine  
  107  7:24  Supply Depot  
  107  7:26  SCV  
  109  7:31  Command Center  
  109  7:35  SCV x2  
  109  7:36  Supply Depot x2  
  111  7:40  SCV  
  111  7:42  Medivac x2  
  116  7:45  Supply Depot  
  116  7:46  Supply Depot x2  
  116  7:47  SCV x2, Marine x9  
  127  7:53  Siege Tank  
  130  8:00  Terran Infantry Armor Level 2, Terran Infantry Weapons Level 2  
  130  8:05  Marine x4  
  134  8:06  Refinery  
  134  8:08  Refinery  
  134  8:11  Factory  
  133  8:16  Terran Vehicle Weapons Level 1  
  133  8:18  SCV x3  
  136  8:25  Supply Depot, Siege Tank  
  136  8:26  Supply Depot, Marine x4  
  143  8:27  Supply Depot  
  143  8:29  Marine  
  143  8:30  Marine  
  143  8:31  Marine x2  
  147  8:35  Marine  
  147  8:41  SCV x2  
  150  8:42  SCV  
  150  8:44  Supply Depot x2, Marine x2  
  144  8:50  Marine x3  
  144  8:55  Marine x3  
  148  8:56  Factory Tech Lab, Marine  
  148  8:59  Siege Tank  
  148  9:02  Medivac  
  156  9:06  Marine x2  
  156  9:08  Marine x3  
  155  9:13  Marine  
  153  9:21  Siege Tank  
  153  9:22  Marine x3  
  156  9:24  Marine x2  
  156  9:26  Marine  
  156  9:27  Marine x2  
  156  9:31  Marine  
  162  9:32  Widow Mine  
  162  9:38  Refinery, Sensor Tower  
  164  9:41  Refinery, Planetary Fortress  
  164  9:46  Marine x3  
  165  9:53  Siege Tank  
  165  9:59  Marine x2  
  161  10:00  Siege Tank, Marine  
  161  10:04  Medivac x2, Marine x3  
  168  10:07  Marine x2  
  168  10:09  Marine  
  171  10:17  Marine x2  
  171  10:18  Marine  
  158  10:22  Marine x3  
  158  10:25  Siege Tank  
  164  10:29  Marine x2  
  164  10:32  Supply Depot, Siege Tank  
  164  10:34  Medivac x2  
  164  10:35  Command Center  
  173  10:36  SCV x3  
  173  10:37  Terran Infantry Weapons Level 3  
  171  10:57  Siege Tank  
  171  11:00  Command Center  
  171  11:02  Command Center  
  171  11:03  Medivac  
  171  11:04  Medivac, Siege Tank  
  178  11:07  Barracks x2  
  178  11:09  Marine x2  
  182  11:11  Marine  
  183  11:18  Terran Infantry Armor Level 3, Terran Vehicle Weapons Level 2  
  180  11:29  Siege Tank  
  180  11:32  Marine x3  
  182  11:33  Liberator  
  182  11:36  Siege Tank  
  182  11:38  Ghost Academy  
  189  11:46  Marine x2  
  190  11:49  Marine  
  190  11:50  Marine x5  
  196  11:59  Marine  
  198  12:02  Barracks Tech Lab  
  198  12:05  Barracks Tech Lab  
  200  12:08  Siege Tank  
  200  12:11  Armory  
  200  12:12  Orbital Command x2  
  198  12:16  Bunker  
  198  12:18  Orbital Command  
  198  12:21  Command Center  
  198  12:22  Sensor Tower  
  198  12:25  Ghost  
  198  12:26  Personal Cloaking  
  198  12:28  Starport  
  200  12:36  Armory  
  200  12:50  Command Center  
  200  12:52  Missile Turret  
  200  13:11  Infernal Pre-Igniter  
  198  13:19  Factory  
  197  13:21  Factory  
  197  13:22  Missile Turret  
  197  13:24  Siege Tank  
  200  13:31  Hi-Sec Auto Tracking  
  200  13:35  Terran Vehicle And Ship Armor Level 1  
  200  13:37  Terran Vehicle Weapons Level 3  
  197  13:51  Siege Tank  
  118  13:55  Neosteel Armor  
  197  13:57  Siege Tank  
  197  14:03  Planetary Fortress  
  197  14:05  Orbital Command  
  197  14:07  Command Center  
  197  14:12  Ghost  
  198  14:34  Ghost  
  200  14:50  Command Center  
  200  14:53  Command Center  
  200  15:01  Ghost  
  197  15:24  Siege Tank x2  
  195  15:29  Factory Tech Lab, Factory Reactor  
  195  15:32  Ghost x2  
  197  15:51  Ghost  
  192  16:01  Ghost x2  
  196  16:07  Siege Tank, Planetary Fortress  
  196  16:08  Siege Tank  
  191  16:13  Siege Tank  
  191  16:15  Hellion x2  
  197  16:32  Ghost  
  197  16:33  Planetary Fortress  
  197  16:35  Command Center  
  199  16:42  Missile Turret  
  199  16:43  Missile Turret  
  199  16:44  Missile Turret  
  198  17:14  Missile Turret  
  198  17:16  Missile Turret x2  
  197  17:30  Ghost  
  199  17:40  Missile Turret  
  199  17:44  Missile Turret  
  199  17:48  Siege Tank  
  198  18:03  Siege Tank  
  193  18:27  Ghost  
  193  18:28  Hellion  
  193  18:33  Planetary Fortress  
  197  18:39  Ghost  
  199  18:55  Refinery  
  196  18:56  Refinery, Missile Turret  
  196  19:06  Ghost x2  
  200  19:26  Ghost  
  200  19:27  Starport Reactor  
  200  19:30  Drilling Claws  
  200  19:42  Missile Turret  
  200  19:46  Missile Turret  
  200  19:47  Missile Turret  
  200  19:50  Command Center  
  200  19:53  Factory Tech Lab  
  188  20:17  Ghost x2  
  188  20:18  Ghost  
  188  20:19  Thor  
  168  20:46  Thor x2, Ghost x3  
  168  20:49  Hellion x2, Viking x4  
  196  20:54  Marine x3  
  196  20:55  Marine x3  
  196  20:56  Marine x2  
  199  21:04  Orbital Command  
  199  21:08  Terran Vehicle And Ship Armor Level 2  
  199  21:09  Terran Ship Weapons Level 1  
  196  21:12  Marine x2  
  196  21:14  Ghost  
  197  21:19  Viking  
  181  21:43  Viking x2, Ghost  
  167  22:01  Marauder, Marine x4  
  167  22:02  Marine x3  
  167  22:03  Marauder, Marine  
  141  22:11  Orbital Command  
  141  22:12  Marauder  
  129  22:18  Thor x2  
  129  22:19  Thor, Marine x4  
  129  22:20  Hellion x2, Marine x3  
  129  22:21  Marine  
  129  22:22  Ghost  
  149  22:24  Ghost  
  149  22:29  Missile Turret  
  153  22:33  Liberator x4, Ghost  
  153  22:35  Fusion Core  
  167  22:42  Hellion  
  169  22:51  Ghost  
  154  22:52  Ghost  
  149  23:01  Hellion, Ghost  
  149  23:02  Hellion x2  
  148  23:11  Marine x3  
  151  23:13  Marine x3  
  151  23:16  Marine x2  
  151  23:19  Ghost  
  156  23:21  Ghost  
  156  23:29  Marine  
  156  23:30  Ghost  
  156  23:33  Marine x5  
  162  23:37  SCV x5  
  162  23:38  SCV  
  168  23:48  Ghost  
  161  23:49  Ghost  
  161  23:55  Orbital Command  
  163  23:58  Ghost  
  163  24:03  Marine x3  
  163  24:04  Marine x5  
  170  24:16  Ghost  
  166  24:26  Orbital Command  
  166  24:33  Factory Tech Lab  
  156  24:39  Planetary Fortress  
  156  24:50  Ghost  
  158  24:58  Missile Turret  
  158  25:05  Orbital Command  
  158  25:16  Ghost  
  137  25:57  SCV x3  
  137  25:58  SCV x3  
  143  26:09  Refinery, SCV  
  143  26:10  SCV x5, Marine, Refinery  
  143  26:11  Marauder, Marine x3  
  154  26:12  Hellion x2  
  159  26:21  SCV  
  160  26:25  SCV x2  
  160  26:26  SCV x2  
  160  27:08  Hellion  
  160  27:09  Hellion  
  152  27:30  Hellion  
  152  27:34  Hellion  
  111  27:51  Hellion  
  111  27:56  Hellion  
Tags
 
Add a new tag
Caveats
  • Supply blocks, unpowered buildings, or Contaminate may cause inaccurate times.
  • Supply counts are checked every 10 seconds.